cohdb
Replays
Latest Replays
All Replays
Popular Replays
Top Player Replays
Match Explorer
How It Works
Community
CoH3 Stats
Reddit
Sign in to upload your games and track your stats! →
Sign in with Steam
Match 41702466
Unlisted
Match 41702466
Overview
Messages
Build Orders
End
Kettenkrad Recon Vehicle
Selects Breakthrough Battlegroup
Construct Infanterie Kompanie
Selects Assault Grenadiers
MG 42 Machine Gun Team
MG 42 Machine Gun Team
Grenadier Squad
Grenadier Squad
Construct Panzergrenadier Kompanie
Panzergrenadier Squad
Medical Station
Support Elements
Nebelwerfer 42 Rocket Launcher Team
Selects 2.5-tonne Cargo Truck
StuG III G Assault Gun
Pioneer Squad
Nebelwerfer 42 Rocket Launcher Team
Selects Blitzkrieg
StuG III G Assault Gun
Pioneer Squad
StuG III G Assault Gun
Grenadier Squad
Grenadier Squad
Selects Tiger Heavy Tank
Tiger Heavy Tank
Selects Smoke Bombing Run
Selects Incendiary Bombing Run
Panzergrenadier Squad
Panzergrenadier Squad
MG 42 Machine Gun Team
MG 42 Machine Gun Team
Incendiary Bombing Run
Nebelwerfer 42 Rocket Launcher Team
Smoke Bombing Run
Grenadier Squad
Incendiary Bombing Run
Pak 40 Anti-tank Gun Team
Izrael Izraelevič Pliner
GEORGE LITTLEHOOF
☭El Presidente alias Gennandi☭
_Bunu™
0
0
Comments
sign in to comment!
No comments posted yet!